 Dungeon Crawl Stone Soup version 0.27-a0-322-gb8f8a8f698 (webtiles) character file.

Game seed: 143849551808729420

38 innerfire43 the Skirmisher (level 3, -1/29 HPs)
             Began as a Demonspawn Wanderer on Feb 10, 2021.
             Slain by an adder (4 damage)
             ... on level 2 of the Dungeon.
             The game lasted 00:01:55 (1177 turns).

innerfire43 the Skirmisher (Demonspawn Wanderer)    Turns: 1177, Time: 00:01:56

Health: -1/29      AC:  3    Str: 14    XL:     3   Next: 25%
Magic:  3/3        EV: 10    Int: 14    God:
Gold:   36         SH:  0    Dex: 10    Spells: 2/2 levels left

rFire    . . .     SeeInvis .   a - +2 shortbow
rCold    . . .     Faith    .   (shield currently unavailable)
rNeg     . . .     Spirit   .   h - +0 leather armour
rPois    .         Reflect  .   (no helmet)
rElec    .         Harm     .   (no cloak)
rCorr    .         Rampage  .   (no gloves)
Will     .....                  (no boots)
Stlth    +.........             (no amulet)
HPRegen  0.09/turn              (no ring)
MPRegen  0.08/turn              (no ring)

@: lethally poisoned (-1 -> -15)
A: claws 2
a: no special abilities


You were on level 2 of the Dungeon.
You visited 1 branch of the dungeon, and saw 2 of its levels.

You collected 36 gold pieces.

Inventory:

Hand Weapons
 a - a +2 shortbow (weapon)
Missiles
 b - 26 arrows (quivered ammo)
Armour
 e - a +0 robe
 h - a +0 leather armour (worn)
Scrolls
 d - 2 scrolls of teleportation
 g - a scroll of noise {unknown}
Potions
 c - a potion of lignification
 f - 2 potions of heal wounds {unknown}
 i - a potion of cancellation {unknown}


   Skills:
 + Level 3.5 Fighting
 + Level 1.0 Axes
 + Level 3.5 Bows
 + Level 1.0 Armour
 + Level 1.0 Shields
 + Level 1.0 Evocations


You had 2 spell levels left.
You didn't know any spells.
Your spell library was empty.

Dungeon Overview and Level Annotations

Branches:
Dungeon (2/15)

Altars:


Innate Abilities, Weirdness & Mutations

You have very sharp fingernails.


Message History

The adder is lightly wounded.
You shoot an arrow. The arrow barely misses the adder.
You shoot an arrow. The arrow misses the adder.
The adder barely misses you.
You shoot an arrow. The arrow misses the adder.
The adder barely misses you. The adder bites you.
You shoot an arrow. The arrow hits the adder.
The adder is moderately wounded.
The adder closely misses you.
You shoot an arrow. The arrow closely misses the adder.
The adder bites you.
You are poisoned.
The adder poisons you! The adder bites you but does no damage.
You shoot an arrow. The arrow closely misses the adder.
You feel sick. The adder bites you.
You shoot an arrow. The arrow barely misses the adder.
You feel sick. The adder misses you. The adder bites you.
You are more poisoned.
The adder poisons you!
You shoot an arrow. The arrow completely misses the adder.
You feel sick. The adder misses you.
You shoot an arrow. The arrow barely misses the adder.
The adder bites you. x2
You are lethally poisoned!
The adder poisons you!
You are too injured to fight recklessly!
You are too injured to fight recklessly!
You are too injured to fight recklessly!
You are too injured to fight recklessly!
You feel sick. The adder closely misses you.
Really attack while wielding your +2 shortbow?
You barely miss the adder.
The adder is moderately wounded.
* * * LOW HITPOINT WARNING * * *
You feel sick. The adder bites you but does no damage. The adder bites you.
* * * LOW HITPOINT WARNING * * *
You are more poisoned.
The adder poisons you!
You closely miss the adder.
The adder is moderately wounded.
* * * LOW HITPOINT WARNING * * *
You feel sick. The adder bites you.
You die...

###.......###
.............#
#......... #.#
#..##...####.#
..........##.#####
#.......#.....[.@#
#.......#.....##S#
)......†.÷....##.#
#.#.##........##.#
#.#.##..#..##.##(#
#..........##.##.#
######.###.......#
# .... ####.#### .
#.... #...


You could see an adder.

Vanquished Creatures
  An adder (D:2)
  A dart slug (D:1)
  A leopard gecko (D:1)
  4 bats
  2 giant cockroaches (D:1)
  6 hobgoblins
  A ball python (D:1)
  2 frilled lizards (D:1)
  3 kobolds (D:1)
  5 rats
26 creatures vanquished.

Notes
Turn   | Place    | Note
-------+----------+-------------------------------------------
     0 | D:1      | innerfire43 the Demonspawn Wanderer began the quest for the
                  | Orb.
     0 | D:1      | innerfire43 set off with the following items: a +2
                  | shortbow, 27 arrows, a potion of lignification, a scroll of
                  | teleportation, a +0 robe
     0 | D:1      | Reached XP level 1. HP: 18/18 MP: 1/1
   214 | D:1      | Gained mutation: You have sharp fingernails. [demonic
                  | ancestry]
   214 | D:1      | Reached XP level 2. HP: 24/24 MP: 2/2
   958 | D:2      | Gained mutation: You have very sharp fingernails. [demonic
                  | ancestry]
   958 | D:2      | Reached XP level 3. HP: 29/29 MP: 3/3
  1177 | D:2      | Slain by an adder

Illustrated notes

Levels and vault maps discovered:
D:1:      doesnt_arrival_eight_statues, layout_loops_ring
D:2:      layout_loops_cross, overflow_temple_1_default, serial_glass,
          glass_columns_a, glass_columns_c, uniq_robin

Skill      XL: |  1  2 |
---------------+-------+-----
Bows           | 3 |  3.5
Fighting       | |  3.5
Axes           | |  1.0
Armour         | |  1.0
Shields        | |  1.0
Evocations     | |  1.0

Action                   || total
-------------------------++-------
Melee: Shortbow          ||     2
 Fire: Shortbow          ||    75
Armor: Leather armour    ||     9
Dodge: Dodged            ||    17

Table legend: (Time is in decaauts)
 A = Elapsed time spent in this place.
 B = Non-inter-level travel time spent in this place.
 C = Inter-level travel time spent in this place.
 D = Time resting spent in this place.
 E = Time spent auto-exploring this place.
 F = Levels seen in this place.
 G = Mean time per level.
                   A        B        C        D        E       F      G
               +--------+--------+--------+--------+--------+-----+--------+
         Total |   1188 |   1139 |     49 |      0 |    976 |   2 |  594.0 |
       Dungeon |   1188 |   1139 |     49 |      0 |    976 |   2 |  594.0 |
               +--------+--------+--------+--------+--------+-----+--------+

Top non-repeatable levels by time:
     D:1: 951 daAuts
     D:2: 237 daAuts
